 Dungeon Crawl Stone Soup version 0.30-a0-170-g85af917532 (webtiles) character file.

Game seed: 13597513023679939295

67 qw the Chopper (level 4, -6/28 HPs)
             Began as a Gargoyle Fighter on Sept 30, 2022.
             Mangled by Sigmund
             ... wielding a +2 scythe of holy wrath
              (10 damage)
             ... on level 2 of the Dungeon.
             The game lasted 00:00:28 (1741 turns).

qw the Chopper (Gargoyle Fighter)                   Turns: 1741, Time: 00:00:29

Health: -6/28      AC: 10    Str: 21    XL:     4   Next: 16%
Magic:  4/4        EV:  9    Int:  9    God:
Gold:   59         SH:  4    Dex:  9    Spells: 3/3 levels left

rFire   . . .      SeeInvis .    Y - +0 war axe
rCold   . . .      Faith    .    c - +0 buckler
rNeg    + . .      Spirit   .    b - +0 scale mail
rPois   inf        Reflect  .    (no helmet)
rElec   +          Harm     .    (no cloak)
rCorr   .          Rampage  .    (no gloves)
Will    .....                    (no boots)
Stlth   ..........               (no amulet)
HPRegen 0.09/turn                (no ring)
MPRegen 0.09/turn                (no ring)

@: no status effects
A: sickness immunity, AC +3, negative energy resistance 1, electricity
resistance, torment resistance 1, petrification resistance
a: no special abilities


You were on level 2 of the Dungeon.
You visited 1 branch of the dungeon, and saw 2 of its levels.

You collected 59 gold pieces.


Innate Abilities, Weirdness & Mutations

You are immune to sickness and miasma.
Your stone body is resilient. (AC +3)
You are immune to poison.
You resist negative energy. (rN+)
You are resistant to electric shocks. (rElec)
You are resistant to unholy torment.
You are immune to petrification.


   Skills:
 - Level 3.2 Fighting
 + Level 3.9 Axes
 - Level 3.2 Armour
 - Level 3.2 Shields


You had 3 spell levels left.
You didn't know any spells.
Your spell library was empty.

Inventory:

Hand Weapons
 n - a +0 whip
 Y - a +0 war axe (weapon)
Armour
 b - a +0 scale mail (worn)
 c - a +0 buckler (worn)
Scrolls
 g - a scroll of identify
Potions
 a - a potion of curing {unknown}
 d - 2 potions of might
 f - a potion of heal wounds

Dungeon Overview and Level Annotations

Branches:
Dungeon (2/15)

Altars:

Annotations:
D:2 Sigmund


Message History

You hit the dart slug.
You kill the dart slug!
Something hits you but does no damage.
You swing at nothing.
Something hits you but does no damage.
You swing at nothing.
Something hits you!
You swing at nothing.
Something hits you.
You swing at nothing.
Something hits you but does no damage.
You swing at nothing.
You block something's attack.
You swing at nothing.
A magic dart appears from out of thin air!
The magic dart hits you!
You swing at nothing.
Something hits you.
You swing at nothing.
You hear some strange, mumbled words.
Something tries to affect you, but you resist.
You swing at nothing.
You hear some strange, mumbled words.
A puff of flame appears from out of thin air!
The puff of flame misses you.
You swing at nothing.
Something hits you!
You swing at nothing.
You block something's attack.
You swing at nothing.
You hear some strange, mumbled words.
A puff of flame appears from out of thin air!
The puff of flame misses you.
You swing at nothing.
Something hits you but does no damage.
You swing at nothing.
Something hits you but does no damage.
You swing at nothing.
Something hits you!
You die...

## #. ######
#.####### #.....
#.@.....######.####
#%#####.#........#
#{ #.#.####.#.# #.
#.#....#.#.# ..
#.####<#.#.## #.
####...####...#.
.............>####[
#..................
############.#....


There were no monsters in sight!

Vanquished Creatures
  3 gnolls (D:2)
  A worm (D:2)
  2 dart slugs
  2 giant cockroaches
  4 hobgoblins (D:1)
  3 jackals (D:1)
  2 quokkas (D:1)
  A ball python (D:1)
  3 bats (D:1)
  A frilled lizard (D:1)
  A goblin (D:1)
  2 kobolds (D:1)
  10 rats
35 creatures vanquished.

Notes
Turn   | Place    | Note
-------+----------+-------------------------------------------
     0 | D:1      | qw the Gargoyle Fighter began the quest for the Orb.
     0 | D:1      | Reached XP level 1. HP: 14/14 MP: 1/1
     0 | D:1      | 0 ||| qw: Version: 0.2-a-12-gaebbb33
     0 | D:1      | 0 ||| qw: Game counter: 1438
     0 | D:1      | 0 ||| qw: Always use a shield: true
     0 | D:1      | 0 ||| qw: God list: Okawaru
     0 | D:1      | 0 ||| qw: Allow faded altars: false
     0 | D:1      | 0 ||| qw: Do Orc after D:15 true
     0 | D:1      | 0 ||| qw: Do second Lair branch before Depths: true
     0 | D:1      | 0 ||| qw: Lair rune preference: random
     0 | D:1      | 0 ||| qw: Plans: Normal, Zot:1-4, God:TSO, Crypt, Tomb,
                  | Pan, Slime:5, Hells, Abyss, Orb
     0 | D:1      | 0 ||| PLANNING D:1-11
    37 | D:1      | 37 ||| Stepping ~*~*~tactically~*~*~ (water).
   163 | D:1      | Reached XP level 2. HP: 18/19 MP: 2/2
   202 | D:1      | 202 ||| Stepping ~*~*~tactically~*~*~ (hiding).
   747 | D:1      | Reached skill level 3 in Axes
   858 | D:1      | Reached XP level 3. HP: 16/23 MP: 3/3
   999 | D:1      | 999 ||| DROPPING +0 club.
  1393 | D:1      | 1393 ||| READING scroll labelled NOAMISKENAI.
  1394 | D:1      | 1394 ||| READING 3 scrolls labelled TUGHUAR IFAGGIA.
  1395 | D:1      | 1395 ||| READING scroll labelled OROTSI OWITH.
  1396 | D:1      | 1396 ||| READING scroll labelled CEUFOJ IKKA.
  1397 | D:1      | 1397 ||| READING scroll labelled HASARU JEOLORCHICH.
  1398 | D:1      | 1398 ||| READING scroll labelled JUVOSK YSULI.
  1399 | D:1      | 1399 ||| READING scroll labelled LIELAO RINK.
  1403 | D:1      | 1403 ||| READING 2 scrolls of identify.
  1403 | D:1      | 1403 ||| IDENTIFYING grey potion
  1456 | D:2      | Reached XP level 4. HP: 16/28 MP: 4/4
  1717 | D:2      | Noticed Sigmund
  1736 | D:2      | HP: 3/28 [something (8)]
  1741 | D:2      | Mangled by Sigmund

Levels and vault maps discovered:
D:1:      dpeg_arrival_rooms_with_view, layout_loops_corners,
          amcnicky_mini_rare_corridor_liquid, minivault_14, minivault_4
D:2:      layout_basic, shapermc_ecumenical_altar_ellora,
          uniq_crazy_yiuf_cottage, uniq_sigmund

Skill      XL: |  1  2 |
---------------+-------+-----
Axes           | 2 3 |  3.9
Fighting       | |  3.2
Armour         | |  3.2
Shields        | |  3.2

Action                   |  1- 3 |  4- 6 || total
-------------------------+-------+-------++-------
Melee: War axe           |    77 |    12 ||    89
  Use: Scroll            |     8 |       ||     8
Armor: Scale mail        |    38 |    13 ||    51
Dodge: Dodged            |    41 |     6 ||    47
Block: Buckler           |    14 |     2 ||    16

Table legend:
 A = Non-vault XP
 B = Vault XP
 C = Vault XP percentage of total XP
 D = Non-vault monster count
 E = Vault monster count
 F = Vault count percentage of total count
                 A         B        C        D         E       F
            +---------+---------+-------+---------+---------+-------
      Total |      92 |       4 |   4.2 |      33 |       2 |   5.7
            +---------+---------+-------+---------+---------+-------
        D:1 |      35 |       4 |  10.3 |      24 |       2 |   7.7
        D:2 |      57 |       0 |   0.0 |       9 |       0 |   0.0
            +---------+---------+-------+---------+---------+-------
